 Dungeon Crawl Stone Soup version 0.28.0-47-ge53b351184 (webtiles) character file.

Game seed: 14831262422725916710

127 Iusername the Skirmisher (level 5, -3/42 HPs)
             Began as a Human Fighter on May 2, 2022.
             Slain by a gnoll
             ... wielding a +0 whip
              (4 damage)
             ... on level 3 of the Dungeon.
             The game lasted 00:03:27 (3588 turns).

Iusername the Skirmisher (Human Fighter)            Turns: 3588, Time: 00:03:29

Health: -3/42      AC:  8    Str: 18    XL:     5   Next: 33%
Magic:  5/5        EV:  9    Int: 14    God:
Gold:   136        SH:  5    Dex: 13    Spells: 4/4 levels left

rFire   . . .      SeeInvis .   a - +0 long sword
rCold   . . .      Faith    .   c - +0 buckler
rNeg    . . .      Spirit   .   b - +0 scale mail
rPois   .          Reflect  .   (no helmet)
rElec   .          Harm     .   (no cloak)
rCorr   .          Rampage  .   (no gloves)
Will    .....                   j - +0 pair of boots
Stlth   ..........              (no amulet)
HPRegen 0.14/turn               e - +6 ring of intelligence
MPRegen 0.09/turn               (no ring)

@: mighty
A: no striking features
a: no special abilities


You were on level 3 of the Dungeon.
You visited 1 branch of the dungeon, and saw 3 of its levels.

You collected 136 gold pieces.

Inventory:

Hand Weapons
 a - a +0 long sword (weapon)
Armour
 b - a +0 scale mail (worn)
 c - a +0 buckler (worn)
 j - a +0 pair of boots (worn)
Jewellery
 e - a +6 ring of intelligence (left hand)
 t - a ring of ice
Scrolls
 f - 2 scrolls of blinking {unknown}
 g - a scroll of fear {unknown}
 h - 2 scrolls of teleportation {unknown}
 i - 2 scrolls of fog {unknown}
 l - a scroll of immolation {unknown}
 n - 2 scrolls of magic mapping {unknown}
 q - a scroll of summoning {unknown}
 r - 2 scrolls of silence {unknown}
 s - 2 scrolls of identify {unknown}
Potions
 k - 2 potions of haste {unknown}
 m - a potion of curing {unknown}
 o - a potion of resistance {unknown}
 p - a potion of heal wounds {unknown}


   Skills:
 + Level 3.7 Fighting
 + Level 3.5 Long Blades
 + Level 3.6 Armour
 + Level 0.3 Dodging
 + Level 0.1 Stealth
 + Level 3.4 Shields


You had 4 spell levels left.
You didn't know any spells.
Your spell library contained the following spells:

 Spells                   Type           Power      Damage    Failure   Level
 Apportation              Tloc           0%         N/A       75%         1
 Sublimation of Blood     Necr           0%         N/A       87%         2
 Wereblood                Tmut           0%         N/A       87%         2
 Summon Ice Beast         Ice/Summ       0%         N/A       100%        4
 Alistair's Intoxication  Tmut/Pois      0%         N/A       100%        5
 Summon Mana Viper        Hex/Summ       0%         N/A       100%        5
 Monstrous Menagerie      Summ           0%         N/A       100%        7
 Summon Hydra             Summ           0%         N/A       100%        7


Dungeon Overview and Level Annotations

Branches:
Dungeon (3/15)

Altars:

Shops:
D:2 [?


Message History

The gnoll hits you but does no damage. x3
You barely miss the gnoll.
The gnoll is severely wounded.
The gnoll hits you but does no damage. The gnoll hits you with a +0 club.
The gnoll barely misses you. You block the gnoll's attack.
You closely miss the gnoll.
The gnoll is severely wounded.
The gnoll hits you from afar with a +0 spear.
The gnoll barely misses you. x2; The gnoll hits you with a +0 whip.
You block the gnoll's attack. x2; The gnoll barely misses you.
You hit the gnoll.
You kill the gnoll!
The gnoll hits you with a +0 whip.
The gnoll hits you from afar with a +0 spear.
The gnoll hits you with a +0 club. The gnoll hits you but does no damage.
You are too injured to fight recklessly!
You are too injured to fight recklessly!
You are too injured to fight recklessly!
You are too injured to fight recklessly!
You are too injured to fight recklessly!
You are too injured to fight recklessly!
You are too injured to fight recklessly!
You are too injured to fight recklessly!
You are too injured to fight recklessly!
You are too injured to fight recklessly!
You are too injured to fight recklessly!
You are too injured to fight recklessly!
You feel very mighty all of a sudden. You block the gnoll's attack.
The gnoll hits you but does no damage. The gnoll hits you with a +0 whip.
* * * LOW HITPOINT WARNING * * *
The gnoll hits you but does no damage. The gnoll hits you with a +0 club.
* * * LOW HITPOINT WARNING * * *
The gnoll hits you but does no damage.
You see here a +0 club.
You closely miss the gnoll. The gnoll hits you but does no damage.
The gnoll hits you with a +0 club.
* * * LOW HITPOINT WARNING * * *
The gnoll hits you with a +0 whip.
You die...

# #.............##..# # ..
#.............##..##### #.
#.............##..#...)
##..##.............##..#..##
.................†.....#..##
#......................÷...
######.#.###########.##..##
.#######.#.#g.....# #.##..##
...........'@.....+ ..##....
.###########gg....#
#####.### #......# #.#
#....(.# #.# #......# #.#
######## #.# #+#


You could see 3 gnolls.

Vanquished Creatures
  An orc priest (D:3)
  A gnoll (D:3)
  2 adders (D:2)
  3 dart slugs
  2 orcs (D:3)
  10 bats
  9 endoplasms
  A giant cockroach (D:1)
  5 goblins
  9 hobgoblins
  3 kobolds
  A quokka (D:1)
  6 ball pythons
  2 frilled lizards (D:1)
  5 rats
60 creatures vanquished.

Notes
Turn   | Place    | Note
-------+----------+-------------------------------------------
     0 | D:1      | Iusername the Human Fighter began the quest for the Orb.
     0 | D:1      | Reached XP level 1. HP: 18/18 MP: 1/1
   235 | D:1      | Reached XP level 2. HP: 24/24 MP: 2/2
   548 | D:1      | Found a faded altar of an unknown god.
   693 | D:1      | Reached XP level 3. HP: 18/29 MP: 3/3
  1562 | D:2      | Found Ulyzuc's Armour Shoppe.
  1920 | D:2      | Reached XP level 4. HP: 28/35 MP: 4/4
  2521 | D:2      | Found Kuis's Magic Scroll Shop.
  3160 | D:3      | Reached XP level 5. HP: 6/41 MP: 5/5
  3588 | D:3      | HP: 1/42 [gnoll/+0 club (6)]
  3588 | D:3      | Slain by a gnoll

Illustrated notes

Levels and vault maps discovered:
D:1:      dpeg_arrival_signposts, layout_loops_cross,
          hellmonk_ecumenical_altar_inner_sanctum
D:2:      wad_river_or_something, layout_loops_ring, serial_shops,
          nicolae_shop_stone, nicolae_shop_waterfront
D:3:      layout_basic

Skill      XL: |  1  2  3 |
---------------+----------+-----
Long Blades    | 3 |  3.5
Fighting       | |  3.7
Armour         | |  3.6
Dodging        | |  0.3
Stealth        | |  0.1
Shields        | |  3.4

Action                   |  1- 3 |  4- 6 || total
-------------------------+-------+-------++-------
Melee: Long sword        |   129 |    95 ||   224
  Use: Potion            |       |     1 ||     1
Armor: Scale mail        |    84 |    48 ||   132
Dodge: Dodged            |    66 |    56 ||   122
Block: Buckler           |    37 |    23 ||    60
